 Dungeon Crawl Stone Soup version 0.30-a0-989-g0d87f670db (webtiles) character file.

Game seed: 12070679716968748606

247 retardedninja the Chopper (level 6, -3/57 HPs)
             Began as a Naga Fighter on Apr 3, 2023.
             Killed from afar by Blork the orc (10 damage)
             ... with a magic dart
             ... on level 6 of the Dungeon.
             The game lasted 00:03:07 (2450 turns).

retardedninja the Chopper (Naga Fighter)            Turns: 2450, Time: 00:03:08

Health: -3/57      AC:  1    Str: 21    XL:     6   Next: 11%
Magic:  6/6        EV:  6    Int:  8    God:
Gold:   203        SH:  8    Dex: 10    Spells: 5/5 levels left

rFire   . . .      SeeInvis +    a - +0 war axe
rCold   . . .      Faith    .    m - +0 kite shield
rNeg    . . .      Spirit   .    b - +0 scale mail
rPois   +          Reflect  .    (no helmet)
rElec   .          Rampage  .    (no cloak)
rCorr   .          Clarity  +    (no gloves)
Will    .....                    (no barding) Stlth
                                 (no amulet)
HPRegen 0.29/turn                (no ring)
MPRegen 0.10/turn                (no ring)

@: mighty, corroded, very slow
A: AC +2, large, see invisible, deformed body, poison resistance, slowness 2,
spit poison 1, naga tail 1, clarity, mutation resistance 1
a: Spit Poison


You were on level 6 of the Dungeon.
You visited 1 branch of the dungeon, and saw 4 of its levels.

You collected 203 gold pieces.

Inventory:

Hand Weapons
 a - a +0 war axe (weapon)
Armour
 b - a +0 scale mail (worn)
 m - a +0 kite shield (worn)
Scrolls
 c - a scroll of vulnerability {unknown}
 f - a scroll of poison {unknown}
 h - 4 scrolls of identify {unknown}
 j - 2 scrolls of amnesia {unknown}
 o - 2 scrolls of teleportation {unknown}
Potions
 e - a potion of degeneration {unknown}
 g - 2 potions of mutation
 k - a potion of magic {unknown}
 l - a potion of resistance {unknown}
 n - a potion of lignification {unknown}
 p - a potion of cancellation {unknown}
 q - a potion of attraction {unknown}
 r - a potion of ambrosia {unknown}


   Skills:
 + Level 4.0 Fighting
 * Level 4.2 Axes
 + Level 3.2 Armour
 + Level 3.5 Shields


You had 5 spell levels left.
You didn't know any spells.
Your spell library contained the following spells:

 Spells                   Type           Power      Damage    Failure   Level
 Magic Dart               Conj           0%         1d3       95%         1
 Summon Small Mammal      Summ           0%         N/A       95%         1
 Call Imp                 Summ           0%         N/A       99%         2
 Call Canine Familiar     Summ           0%         N/A       100%        3
 Mephitic Cloud           Conj/Pois/Air  0%         N/A       100%        3
 Summon Guardian Golem    Hex/Summ       0%         N/A       100%        3


Dungeon Overview and Level Annotations

Branches:
Dungeon (3/15)

Altars:
Vehumet
Wu Jian

Annotations:
D:6 Blork the orc


Innate Abilities, Weirdness & Mutations

Your serpentine skin is tough. (AC +2)
You have supernaturally acute eyesight. (SInv)
Armour fits poorly on your strangely shaped body.
Your system is resistant to poisons. (rPois)
You cover ground very slowly.
You can spit poison.
You have a snake-like lower body.
You possess an exceptional clarity of mind.
You are somewhat resistant to further mutation.


Message History

You barely miss Blork the orc.
Blork the orc is moderately wounded.
You slash the jelly!
Your hands burn!
Blork the orc hits you with a +0 short sword.
The jelly hits you but does no damage. You block Blork the orc's attack.
You block the jelly's attack.
Blork the orc hits you with a +0 short sword.
Blork the orc screams, "I'll eat your brain!
And then I'll vomit it back up!"
Blork the orc looks satisfied for a moment.
You slash Blork the orc!
Blork the orc is heavily wounded.
You slash the jelly! The acid corrodes you!
Your hands burn!
Blork the orc screams, "I'll break your legs!"
You block Blork the orc's attack. You block the jelly's attack.
Blork the orc casts a spell at you. The magic dart hits you!
* * * LOW HITPOINT WARNING * * *
The jelly closely misses you.
It was a potion of mutation.
You feel extremely strange.
You feel genetically stable.
Your thoughts seem clearer.
Blork the orc hits you with a +0 short sword.
* * * LOW HITPOINT WARNING * * *
The jelly hits you.
* * * LOW HITPOINT WARNING * * *
You are splashed with acid.
* * * LOW HITPOINT WARNING * * *
Okay, then.
It was a potion of curing.
You feel better. You block Blork the orc's attack. x2
You block the jelly's attack.
You feel better.
Blork the orc frowns.
Blork the orc hits you with a +0 short sword!
* * * LOW HITPOINT WARNING * * *
You block the jelly's attack.
You feel very mighty all of a sudden.
Blork the orc hits you with a +0 short sword.
* * * LOW HITPOINT WARNING * * *
Blork the orc gestures at you while chanting.
The magic dart hits you!
You die...

..#....# .. .# ...
..#..... .. .#... ......
#.....##. .... # #.#.#
..........#.#.# ..
#...#.#.#...#.#.#...#.#.
........#.#.#...........
.....##.......##.....##.
..........#.....oJ......
.###.#....#....#@###.#..
..........#.............
.....##.......##.....##.
........#.#.#...........
#...#.#.#...#.#.#...#.#.
#.#.#....†......#.#.# #
....[.##.....##....##
..#...............##
..#....#.###.#....#


You could see Blork the orc (fast) and a jelly.

Vanquished Creatures
  2 scorpions (D:6)
  Jessica (D:2)
  2 adders (D:2)
  A white imp (D:6)
  2 worms (D:2)
  2 dart slugs
  8 ball pythons
  3 bats
  9 endoplasms
  2 giant cockroaches (D:1)
  5 hobgoblins
  6 jackals
  7 quokkas
  3 frilled lizards
  7 goblins
  5 kobolds
  7 rats
72 creatures vanquished.

Vanquished Creatures (others)
  A minotaur (D:1)
  2 draconians (D:1)
  An octopode (D:1)
  2 gargoyles (D:1)
  2 spriggans (D:1)
  A vampire (D:1)
  A demigod (D:1)
  A naga (D:1)
  An ogre (D:1)
  8 tentacles (D:1)
20 creatures vanquished.

Grand Total: 92 creatures vanquished

Notes
Turn   | Place    | Note
-------+----------+-------------------------------------------
     0 | D:1      | retardedninja the Naga Fighter began the quest for the Orb.
     0 | D:1      | Reached XP level 1. HP: 21/21 MP: 1/1
     0 | D:1      | Noticed an octopode
     0 | D:1      | Noticed a spriggan
     0 | D:1      | Noticed a gargoyle
     0 | D:1      | Noticed a vampire
     0 | D:1      | Noticed a demigod
     0 | D:1      | Noticed a kraken
     0 | D:1      | Noticed a draconian
     0 | D:1      | Noticed a spriggan
     0 | D:1      | Noticed an ogre
     0 | D:1      | Noticed a minotaur
     0 | D:1      | Noticed a draconian
     0 | D:1      | Noticed a naga
     0 | D:1      | Noticed a gargoyle
     1 | D:1      | Killed a naga
     6 | D:1      | Killed a draconian
     6 | D:1      | Killed a gargoyle
     6 | D:1      | Killed a vampire
     8 | D:1      | Killed a gargoyle
     8 | D:1      | Killed a spriggan
     9 | D:1      | Killed a draconian
     9 | D:1      | Killed an octopode
    13 | D:1      | Killed a demigod
    13 | D:1      | Killed a spriggan
    14 | D:1      | Killed an ogre
    14 | D:1      | Killed a minotaur
   124 | D:1      | Reached XP level 2. HP: 28/28 MP: 2/2
   352 | D:1      | Reached XP level 3. HP: 34/34 MP: 3/3
  1055 | D:2      | Reached XP level 4. HP: 39/42 MP: 4/4
  1154 | D:2      | Noticed Jessica
  1171 | D:2      | Killed Jessica
  1613 | D:2      | Reached XP level 5. HP: 48/49 MP: 5/5
  1860 | D:3      | Found an ornate altar of the Wu Jian Council.
  2135 | D:3      | Found a radiant altar of Vehumet.
  2219 | D:3      | You fall into a shaft and drop 3 floors!
  2395 | D:6      | Reached XP level 6. HP: 44/57 MP: 6/6
  2438 | D:6      | Noticed Blork the orc
  2447 | D:6      | Gained mutation: You are somewhat resistant to further
                  | mutation. [potion of mutation]
  2447 | D:6      | Gained mutation: You possess an exceptional clarity of
                  | mind. [potion of mutation]
  2450 | D:6      | Killed from afar by Blork the orc

Illustrated notes

Levels and vault maps discovered:
D:1:      nicolae_arrival_kraken_aquarium_a, layout_loops_ring,
          minmay_misc_feat_diagonals
D:2:      layout_basic, minmay_pentomino_q2, uniq_jessica
D:3:      layout_basic, nicolae_wu_jian_glorious_leap, nicolae_vehumet_radiance
D:6:      nicolae_cairo_tiling_large_dashed, layout_rooms,
          minmay_misc_feat_nine_boxes, grunt_ministairs_3, uniq_blork_the_orc

Skill      XL: |  1  2  3  4  5 |
---------------+----------------+-----
Shields        | 3 |  3.5
Axes           | 3 4 |  4.2
Armour         | 3 |  3.2
Fighting       | 4 |  4.0

Action                     |  1- 3 |  4- 6 || total
---------------------------+-------+-------++-------
  Melee: War axe           |   122 |   111 ||   233
    Use: Potion            |       |     4 ||     4
   Stab: Distracted        |     1 |       ||     1
 Armour: Scale mail        |    56 |    51 ||   107
  Dodge: Dodged            |    44 |    36 ||    80
  Block: Buckler           |    21 |     3 ||    24
         Kite shield       |       |    48 ||    48

Table legend: (Time is in decaauts)
 A = Elapsed time spent in this place.
 B = Non-inter-level travel time spent in this place.
 C = Inter-level travel time spent in this place.
 D = Time resting spent in this place.
 E = Time spent auto-exploring this place.
 F = Levels seen in this place.
 G = Mean time per level.
                   A        B        C        D        E       F      G
               +--------+--------+--------+--------+--------+-----+--------+
         Total |   3258 |   3120 |    138 |      0 |   2491 |   4 |  814.5 |
       Dungeon |   3258 |   3120 |    138 |      0 |   2491 |   4 |  814.5 |
               +--------+--------+--------+--------+--------+-----+--------+

Top non-repeatable levels by time:
     D:2: 1287 daAuts
     D:1: 1053 daAuts
     D:3: 660 daAuts
     D:6: 258 daAuts
